 Dungeon Crawl Stone Soup version 0.27.1-33-g824d729ab1 (webtiles) character file.

Game seed: 959032426699094783

41 alasdair19 the Covered (level 3, -5/33 HPs)
             Began as a Minotaur Fighter on Dec 9, 2021.
             Slain by a gnoll (8 damage)
             ... on level 2 of the Dungeon.
             The game lasted 00:01:19 (1300 turns).

alasdair19 the Covered (Minotaur Fighter)           Turns: 1300, Time: 00:01:19

Health: -5/33      AC:  7    Str: 20    XL:     3   Next: 32%
Magic:  2/2        EV:  4    Int:  6    God:
Gold:   27         SH:  0    Dex:  9    Spells: 2/2 levels left

rFire    . . .     SeeInvis .   a - +0 long sword
rCold    . . .     Faith    .   c - +0 kite shield
rNeg     . . .     Spirit   .   b - +0 scale mail
rPois    .         Reflect  .   (helmet restricted)
rElec    .         Harm     .   (no cloak)
rCorr    .         Rampage  .   (no gloves)
Will     .....                  (no boots)
Stlth    ..........             (no amulet)
HPRegen  0.11/turn              (no ring)
MPRegen  0.08/turn              (no ring)

@: held
A: horns 2, retaliatory headbutt
a: no special abilities


You were on level 2 of the Dungeon.
You visited 1 branch of the dungeon, and saw 2 of its levels.

You collected 27 gold pieces.

Inventory:

Hand Weapons
 a - a +0 long sword (weapon)
Armour
 b - a +0 scale mail (worn)
 c - a +0 kite shield (worn)
Scrolls
 e - a scroll of teleportation {unknown}
 f - 3 scrolls of identify {unknown}
Potions
 d - a potion of might
 g - a potion of mutation {unknown}


   Skills:
 + Level 4.0 Fighting
 + Level 2.6 Long Blades
 + Level 4.3 Armour
 + Level 0.2 Stealth
 + Level 4.2 Shields


You had 2 spell levels left.
You didn't know any spells.
Your spell library contained the following spells:

 Spells                   Type           Power      Damage    Failure   Level
 Sting                    Tmut/Pois      0%         1d3       99%         1
 Poisonous Vapours        Pois/Air       0%         N/A       100%        2
 Olgreb's Toxic Radiance  Pois           0%         N/A       100%        4


Dungeon Overview and Level Annotations

Branches:
Dungeon (2/15)

Altars:


Innate Abilities, Weirdness & Mutations

You have a pair of horns on your head.
You reflexively headbutt those who attack you in melee.


Message History

The dart slug launches a dart at you. The slug dart misses you.
You hit the dart slug.
You kill the dart slug!
You see here a dart slug corpse.
Found 18 stones.
A gnoll comes into view. It is wielding a +0 spear.
The gnoll shouts!
You hear a shout!
A gnoll is nearby!
A gnoll comes into view. It is wielding a +0 club.
The gnoll shouts!
You hear a shout!
A worm and 2 gnolls come into view.
The gnoll shouts! x2
The gnoll throws a throwing net.
The throwing net hits you.
You become entangled in the net!
You see here a throwing net.
You struggle against the net.
The gnoll hits you but does no damage.
You struggle against the net.
The gnoll hits you from afar with a +0 spear.
You struggle against the net.
The gnoll barely misses you.
You shred the net and break free! The gnoll hits you but does no damage.
You block the gnoll's attack. The gnoll hits you with a +0 club.
The gnoll throws a throwing net.
The throwing net hits you.
You become entangled in the net!
You see here a throwing net.
You struggle against the net.
The gnoll hits you but does no damage. The gnoll hits you with a +0 club.
The gnoll hits you with a +0 spear.
The gnoll hits you from afar with a +0 halberd!
You struggle against the net.
The gnoll hits you with a +0 club. The gnoll barely misses you.
You furiously retaliate!
You headbutt the gnoll.
You riposte.
Your scale mail prevents you from hitting the gnoll.
The gnoll is moderately wounded.
The gnoll hits you but does no damage.
The gnoll hits you from afar with a +0 halberd!
* * * LOW HITPOINT WARNING * * *
You struggle against the net.
The gnoll hits you but does no damage. x2
The gnoll barely misses you.
The gnoll hits you from afar with a +0 halberd!
You die...

... ......
#####.## ##. ....
#.##.#######
#...†.....(.
#.##........
#.##........
#######.##........
..............####
##.###..g.....#
#.@g.....#
#.wg.....#
#.g......#
........(#
..........#
##.........#
#.........#
#..........


You could see a worm and 4 gnolls.

Vanquished Creatures
  2 adders (D:2)
  A dart slug (D:2)
  2 endoplasms
  2 goblins (D:2)
  3 hobgoblins
  2 jackals (D:2)
  2 kobolds (D:1)
  A quokka (D:2)
  2 ball pythons
  A bat (D:1)
  A frilled lizard (D:1)
  2 rats (D:2)
21 creatures vanquished.

Notes
Turn   | Place    | Note
-------+----------+-------------------------------------------
     0 | D:1      | alasdair19 the Minotaur Fighter began the quest for the
                  | Orb.
     0 | D:1      | Reached XP level 1. HP: 19/19 MP: 0/0
   354 | D:1      | Found a faded altar of an unknown god.
   765 | D:1      | Reached XP level 2. HP: 23/27 MP: 1/1
  1067 | D:2      | Reached XP level 3. HP: 31/33 MP: 2/2
  1300 | D:2      | Slain by a gnoll

Illustrated notes

Levels and vault maps discovered:
D:1:      evilmike_arrival_hilbert_curve, layout_loops_corners,
          ebering_ecumenical_altar_webs
D:2:      layout_basic

Skill      XL: |  1  2  3 |
---------------+----------+-----
Armour         | 4 |  4.3
Shields        | 4 |  4.2
Fighting       | 4 |  4.0
Long Blades    | |  2.6
Stealth        | |  0.2

Action                   || total
-------------------------++-------
Melee: Long sword        ||    50
       Headbutt          ||     6
Armor: Scale mail        ||    26
Dodge: Dodged            ||    18
Block: Kite shield       ||    29
       Rpst.: Long sword ||     5
